 Dungeon Crawl Stone Soup version 0.27-a0-1299-g1ab19c6527 (webtiles) character file.

Game seed: 4235423563441466390

1 dickylongcocking the Magician (level 1, 0/15 HPs)
             Began as a Djinni Summoner on June 16, 2021.
             Slain by a kobold (5 damage)
             ... on level 1 of the Dungeon.
             The game lasted 00:00:16 (463 turns).

dickylongcocking the Magician (Djinni Summoner)      Turns: 463, Time: 00:00:17

Health: 0/15       AC:  2    Str:  7    XL:     1   Next: 22%
Gold:   0          EV: 12    Int: 16    God:
                   SH:  0    Dex: 13

rFire    + + .     SeeInvis .   b - +0 dagger
rCold    x . .     Faith    .   (no shield)
rNeg     . . .     Spirit   .   a - +0 robe
rPois    ∞         Reflect  .   (no helmet)
rElec    .         Harm     .   (no cloak)
rCorr    .         Rampage  .   (no gloves)
Will     .....                  (boots unavailable)
Stlth    ++........             (no amulet)
HPRegen  0.05/turn              (no ring)
MPRegen  0.00/turn              (no ring)

@: flying
A: sickness immunity, fire resistance 2, cold vulnerability 1, float, innate
caster, hp casting, extra vitality 1
a: no special abilities


You were on level 1 of the Dungeon.
You visited 1 branch of the dungeon, and saw 1 of its levels.

Inventory:

Hand Weapons
 b - a +0 dagger (weapon)
Armour
 a - a +0 robe (worn)
Scrolls
 c - a scroll of fog {unknown}


   Skills:
 * Level 0.0 Fighting
 - Level 2.2 Dodging
 - Level 1.5 Stealth
 * Level 3.3 Spellcasting


You couldn't memorise any spells.
You knew the following spells:

 Your Spells              Type           Power      Damage    Failure   Level
a - Summon Small Mammal   Summ           52%        N/A       4%          1
b - Call Imp              Summ           13%        N/A       7%          2
c - Call Canine Familiar  Summ           13%        N/A       14%         3
d - Summon Guardian Gole  Hex/Summ       13%        N/A       14%         3
e - Summon Lightning Spi  Summ/Air       13%        N/A       43%         4
f - Summon Ice Beast      Ice/Summ       13%        N/A       43%         4
Your spell library was empty.

Dungeon Overview and Level Annotations

Branches:
Dungeon (1/15)

Altars:

Shops:
D:1 (


Innate Abilities, Weirdness & Mutations

You are immune to sickness and miasma.
You are immune to poison.
Your flesh is very heat resistant. (rF++)
You are vulnerable to cold. (rC-)
You float through the air rather than walking.
You learn spells naturally, not from books.
Your magical power is your life essence.
You have superior vitality. (+4 HP)


Message History

A kobold comes into view. It is wielding a +0 short sword.
The kobold shouts!
You hit the kobold.
The kobold is moderately wounded.
The kobold hits you but does no damage.
A kobold is nearby!
You hit the kobold but do no damage.
The kobold is moderately wounded.
The kobold barely misses you.
A kobold is nearby!
A kobold is nearby!
Casting: Summon Small Mammal (safe; 4% risk of failure)
Confirm with . or Enter, or press ? or * to list all spells.
The kobold hits you with a +0 short sword.
Unknown command.
Your bat hits the kobold but does no damage.
The kobold barely misses you.
You hit the kobold but do no damage.
The kobold is moderately wounded.
Your bat barely misses the kobold.
Your bat closely misses the kobold.
Your bat barely misses the kobold.
The kobold barely misses you.
You closely miss the kobold.
The kobold is moderately wounded.
Your bat hits the kobold.
The kobold hits you with a +0 short sword.
You hit the kobold.
The kobold is severely wounded.
Your bat hits the kobold but does no damage.
The kobold hits your bat with a +0 short sword.
Your bat dies!
Your bat's corpse disappears in a puff of smoke!
The kobold shouts!
Casting: Summon Small Mammal (safe; 4% risk of failure)
Confirm with . or Enter, or press ? or * to list all spells.
The kobold hits you with a +0 short sword.
Unknown command.
You hit the kobold but do no damage.
The kobold is severely wounded.
The kobold hits you with a +0 short sword.
You die...

#.###.###.#. #.# #.#
#.###.## ... #.#
#....... #.#
#.######..## #.#
#.........# ##.#
########.## ##r.# ##.##
####.§.###########...##
+..§.§@................
####§§K###########...##
##..# ##.## ..... #.#
.##### #.# # ..# ###


You could see a kobold (ally target) and a friendly quokka (summoned).

Vanquished Creatures (collateral kills)
  A kobold (D:1)
  A rat (D:1)
2 creatures vanquished.

Notes
Turn   | Place    | Note
-------+----------+-------------------------------------------
     0 | D:1      | dickylongcocking the Djinni Summoner began the quest for
                  | the Orb.
     0 | D:1      | Reached XP level 1. HP: 15/15 MP: 0/0
     2 | D:1      | Noticed a ghoul
     4 | D:1      | Noticed a demonspawn
     4 | D:1      | Noticed an ogre
     6 | D:1      | Noticed a troll
     8 | D:1      | Noticed a vampire
     8 | D:1      | Noticed a minotaur
    10 | D:1      | Noticed an octopode
    10 | D:1      | Noticed an elf
    12 | D:1      | Noticed a human
    12 | D:1      | Noticed a palentonga
    14 | D:1      | Noticed a demigod
    16 | D:1      | Noticed a dwarf
    16 | D:1      | Noticed a tengu
    18 | D:1      | Noticed a merfolk
    18 | D:1      | Noticed a formicid
    20 | D:1      | Noticed a felid
    20 | D:1      | Noticed a naga
    22 | D:1      | Noticed a spriggan
    22 | D:1      | Noticed a centaur
    24 | D:1      | Noticed a barachi
    24 | D:1      | Noticed a gargoyle
    26 | D:1      | Noticed a vine stalker
    26 | D:1      | Noticed a draconian
    57 | D:1      | Found Kiuvvus's Antique Weapon Emporium.
   463 | D:1      | Slain by a kobold

Illustrated notes

Levels and vault maps discovered:
D:1:      kb_arrival_jail, layout_loops_corners,
          hellmonk_ecumenical_altar_blasted, serial_shops, shop,
          minmay_pentomino_v4

Action                   || total
-------------------------++-------
Melee: Dagger            ||     6
       Unarmed           ||     3
 Cast: Summon Small Mamm ||     4
Armor: Robe              ||     3
Dodge: Dodged            ||     5

Table legend: (Time is in decaauts)
 A = Elapsed time spent in this place.
 B = Non-inter-level travel time spent in this place.
 C = Inter-level travel time spent in this place.
 D = Time resting spent in this place.
 E = Time spent auto-exploring this place.
 F = Levels seen in this place.
 G = Mean time per level.
                   A        B        C        D        E       F      G
               +--------+--------+--------+--------+--------+-----+--------+
         Total |    462 |    462 |      0 |    234 |    200 |   1 |  462.0 |
       Dungeon |    462 |    462 |      0 |    234 |    200 |   1 |  462.0 |
               +--------+--------+--------+--------+--------+-----+--------+

Top non-repeatable levels by time:
     D:1: 462 daAuts
